Canucks vs Avalanche
Created - January 21, 2025 at 20:15
Goals
|
| Canucks |
2 |
1 |
0 |
3 |
| Avalanche |
2 |
0 |
0 |
2 |
|
Shots
|
| Canucks |
16 |
5 |
7 |
28 |
| Avalanche |
11 |
11 |
10 |
32 |
|
1st period
1. Canucks , Denis Gurianov 10 (Gilbert Brule 4, Tyler Cuma 16) at 2:07 (SH)
2. Avalanche , David Rundblad 3 (Rickard Rakell 20, Andrei Kuzmenko 15) at 6:01
3. Canucks , Matt Martin 6 (Yanni Gourde 23) at 12:58
4. Avalanche , Kyle Clifford 13 (Jean-Gabriel Pageau 21, Rickard Rakell 21) at 14:04 (PP)
Penalties :
J.T. Miller (Van) for High sticking (Minor) at 0:22, Robert Nilsson (Van) for Tripping (Minor) at 13:59
2nd period
5. Canucks , Robert Nilsson 6 (Jason Spezza 5, Denis Gurianov 10) at 6:27
Penalties :
J.T. Miller (Van) for High sticking (Minor) at 3:13, Matt Martin (Van) for Roughing (Minor) at 9:09, Robert Nilsson (Van) for Hooking (Minor) at 13:37, Michael Kesselring (Van) for Tripping (Minor) at 18:27
3rd period
No Goal
Penalties :
No Penalty
Goalie Stats
Petr Mrazek (Van), 30 saves from 32 shots - (0.938), W, 12-10-4, 60:00 minutes
Robin Lehner (Col), 25 saves from 28 shots - (0.893), L, 12-14-2, 60:00 minutes
Players Stats for Canucks
Player Name G A P +/- PIM S H SB GA TA FO MP PP MP PK MP
------------------------------------------------------------------------------------
Alex Goligoski 0 0 0 3 0 0 1 2 0 2 0/0 9:34 0:00 1:45
Brock Boeser 0 0 0 1 0 1 1 1 3 0 1/2 16:26 0:00 2:33
Chris Tierney 0 0 0 -1 0 3 0 0 0 0 17/31 23:59 0:00 5:54
Daniel Zaar 0 0 0 0 0 0 1 0 0 0 0/0 8:53 0:00 0:00
Denis Gurianov 1 1 2 2 0 3 1 0 0 0 0/0 12:28 0:00 1:14
Gilbert Brule 0 1 1 1 0 0 1 1 0 1 1/2 8:59 0:00 0:41
J.T. Miller 0 0 0 -1 4 3 1 0 1 1 0/1 21:10 0:00 3:47
Jason Spezza 0 1 1 1 0 2 2 0 0 0 0/0 11:13 0:00 0:00
Jordan Eberle 0 0 0 -1 0 5 0 0 1 0 0/0 16:57 0:00 0:00
Mark Jankowski 0 0 0 0 0 0 1 0 0 0 0/0 8:46 0:00 0:28
Matt Martin 1 0 1 1 2 2 2 0 0 0 0/0 15:24 0:00 2:21
Michael Kesselring 0 0 0 0 2 0 0 0 0 1 0/0 16:30 0:00 0:34
Oliver Ekman-Larsson 0 0 0 -1 0 1 1 2 1 1 0/0 27:08 0:00 5:43
Robert Nilsson 1 0 1 1 4 1 2 1 0 1 3/6 11:12 0:00 0:00
Tony DeAngelo 0 0 0 0 0 1 0 0 0 0 0/0 16:50 0:00 1:58
Travis Hamonic 0 0 0 -1 0 1 2 1 2 1 0/0 26:04 0:00 5:21
Tyler Cuma 0 1 1 3 0 0 1 1 0 2 0/0 22:15 0:00 4:39
Yanni Gourde 0 1 1 1 0 5 2 0 0 0 5/13 16:06 0:00 3:02
Players Stats for Avalanche
Player Name G A P +/- PIM S H SB GA TA FO MP PP MP PK MP
------------------------------------------------------------------------------------
Andrei Kuzmenko 0 1 1 1 0 2 1 1 2 0 1/1 18:43 4:53 0:00
Anthony Duclair 0 0 0 -1 0 2 1 0 0 0 0/0 15:57 0:29 0:00
Bryan Little 0 0 0 -1 0 8 1 1 0 0 7/16 17:35 4:39 0:00
David Rundblad 1 0 1 -1 0 1 2 1 0 0 0/0 19:39 4:49 0:00
Drake Caggiula 0 0 0 0 0 0 0 0 0 0 3/3 7:35 0:00 0:00
Erik Karlsson 0 0 0 -2 0 1 2 0 0 2 0/0 25:16 5:11 0:00
Jack Johnson 0 0 0 -1 0 0 1 0 1 1 0/0 15:43 0:00 0:00
Jacob Slavin 0 0 0 -2 0 2 1 1 1 2 0/0 26:35 5:11 0:00
Jarred Tinordi 0 0 0 1 0 1 0 0 0 1 0/0 19:01 4:49 0:00
Jean-Gabriel Pageau 0 1 1 0 0 2 1 0 2 1 13/23 20:19 5:07 0:00
Joseph Blandisi 0 0 0 0 0 0 0 0 0 0 1/1 7:35 0:00 0:00
Kyle Clifford 1 0 1 -2 0 3 1 0 1 0 0/1 17:56 4:49 0:00
Nick Cousins 0 0 0 -1 0 1 1 0 0 1 0/0 17:35 4:39 0:00
Patric Hornqvist 0 0 0 -1 0 2 1 0 1 0 0/0 15:28 0:00 0:00
Rickard Rakell 0 2 2 0 0 1 0 0 0 0 0/0 19:08 5:07 0:00
Ryan Hartman 0 0 0 0 0 3 0 0 1 0 0/1 7:35 0:00 0:00
Ryan O'Reilly 0 0 0 -1 0 2 1 1 1 0 3/9 14:34 0:17 0:00
Vladislav Gavrikov 0 0 0 1 0 1 0 1 0 0 0/0 13:46 0:00 0:00
3 Stars
1 - Denis Gurianov (Van)
2 - Tyler Cuma (Van)
3 - Petr Mrazek (Van)
Power Play
Canucks - 0 on 0 Attempt(s) - 0.00%
Avalanche - 1 on 6 Attempt(s) - 16.67%
Penalty Kill
Canucks - 5 on 6 Attempt(s) - 83.33%
- Score 1 goal in Penalty Kill
Avalanche - 0 on 0 Attempt(s) - 0.00%
- Score 0 goal in Penalty Kill
Team Stat
Canucks - Hits : 19 - Faceoff Wins : 27 - Blocked Shots : 9 - Penalty Minutes : 12
Avalanche - Hits : 14 - Faceoff Wins : 28 - Blocked Shots : 6 - Penalty Minutes : 0
Official
Referees : Chris Rooney and Wes McCauley
Linesman : Matt MacPherson and Ryan Gibbons
Game Notes
Alex Goligoski is injured at 8:22 of 2nd period (Sprained Right Knee)
Finance
Level 1 -- Attendance: 6000 (100.00%) -- Ticket Income $600,000
Level 2 -- Attendance: 4492 (89.84%) -- Ticket Income $314,440
Level 3 -- Attendance: 1869 (93.45%) -- Ticket Income $74,760
Level 4 -- Attendance: 3755 (93.88%) -- Ticket Income $112,650
Luxury Box -- Attendance: 1000 (100.00%) -- Ticket Income $200,000
Game was played at the Pepsi Center.
Total Attendance: 17116 (95.09%)
Total Ticket Income: $1,301,850
Other Income: $195,278
Total Income: $1,497,128
Canucks
5 vs 5 Forward
Center Left Wing Right Wing Time % Phy DF OF
1 Chris Tierney J.T. Miller Jordan Eberle 40 1 2 2
2 Yanni Gourde Matt Martin Brock Boeser 30 1 2 2
3 Robert Nilsson Denis Gurianov Jason Spezza 20 1 2 2
4 Gilbert Brule Mark Jankowski Daniel Zaar 10 1 2 2
5 vs 5 Defense
Defense Defense Time % Phy DF OF
1 Oliver Ekman-Larsson Travis Hamonic 40 1 2 2
2 Alex Goligoski Tyler Cuma 30 1 2 2
3 Tony DeAngelo Michael Kesselring 20 1 2 2
4 Oliver Ekman-Larsson Travis Hamonic 10 1 2 2
PowerPlay Forward
Center Left Wing Right Wing Time % Phy DF OF
1 Chris Tierney J.T. Miller Jordan Eberle 60 1 2 2
2 Yanni Gourde Matt Martin Brock Boeser 40 1 2 2
PowerPlay Defense
Defense Defense Time % Phy DF OF
1 Oliver Ekman-Larsson Travis Hamonic 60 1 2 2
2 Alex Goligoski Tyler Cuma 40 1 2 2
Penalty Kill 4 Players Forward
Center Wing Time % Phy DF OF
1 Chris Tierney J.T. Miller 60 1 2 2
2 Yanni Gourde Matt Martin 40 1 2 2
Penalty Kill 4 Players Defense
Defense Defense Time % Phy DF OF
1 Oliver Ekman-Larsson Travis Hamonic 60 1 2 2
2 Alex Goligoski Tyler Cuma 40 1 2 2
Penalty Kill - 3 Players Forward
Forward Time % Phy DF OF
1 Chris Tierney 60 1 2 2
2 Yanni Gourde 40 1 2 2
Penalty Kill - 3 Players Defense
Defense Defense Time % Phy DF OF
1 Oliver Ekman-Larsson Travis Hamonic 60 1 2 2
2 Alex Goligoski Tyler Cuma 40 1 2 2
4 vs 4 Forward
Center Wing Time % Phy DF OF
1 Chris Tierney J.T. Miller 60 1 2 2
2 Yanni Gourde Matt Martin 40 1 2 2
4 vs 4 Defense
Defense Defense Time % Phy DF OF
1 Oliver Ekman-Larsson Travis Hamonic 60 1 2 2
2 Alex Goligoski Tyler Cuma 40 1 2 2
Last Minutes Offensive
Center Left Wing Right Wing Defense Defense
Chris Tierney J.T. Miller Jordan Eberle Oliver Ekman-Larsson Travis Hamonic
Last Minutes Defensive
Center Left Wing Right Wing Defense Defense
Chris Tierney J.T. Miller Jordan Eberle Oliver Ekman-Larsson Travis Hamonic
Goaltenders
Starting : Petr Mrazek
Backup : Matt Hackett
Extra Forwards
Normal : Brock Boeser, Matt Martin, Robert Nilsson - PP : Brock Boeser, Matt Martin - PK : Brock Boeser
Extra Defensemen
Normal : Tyler Cuma, Tony DeAngelo, Michael Kesselring - PP : Tyler Cuma - PK : Tyler Cuma, Tony DeAngelo
Penalty Shots
J.T. Miller, Jordan Eberle, Chris Tierney, Yanni Gourde, Brock Boeser
Custom OT Lines Forwards
J.T. Miller, Jordan Eberle, Chris Tierney, Yanni Gourde, Brock Boeser, Matt Martin, Robert Nilsson, Jason Spezza, Gilbert Brule, Denis Gurianov
Custom OT Lines Defensemen
Oliver Ekman-Larsson, Travis Hamonic, Alex Goligoski, Tyler Cuma, Tony DeAngelo
Scratches
Ben Harpur (Healthy), Tyler Kennedy (Healthy)
Avalanche
5 vs 5 Forward
Center Left Wing Right Wing Time % Phy DF OF
1 Jean-Gabriel Pageau Andrei Kuzmenko Rickard Rakell 31 1 2 2
2 Bryan Little Kyle Clifford Nick Cousins 31 1 2 2
3 Ryan O'Reilly Anthony Duclair Patric Hornqvist 27 1 2 2
4 Drake Caggiula Joseph Blandisi Ryan Hartman 11 1 2 2
5 vs 5 Defense
Defense Defense Time % Phy DF OF
1 Erik Karlsson Jacob Slavin 38 1 2 2
2 Jack Johnson David Rundblad 30 1 2 2
3 Vladislav Gavrikov Jarred Tinordi 28 1 2 2
4 Jack Johnson Jacob Slavin 4 1 2 2
PowerPlay Forward
Center Left Wing Right Wing Time % Phy DF OF
1 Jean-Gabriel Pageau Kyle Clifford Rickard Rakell 50 0 1 4
2 Bryan Little Andrei Kuzmenko Nick Cousins 50 0 1 4
PowerPlay Defense
Defense Defense Time % Phy DF OF
1 Jacob Slavin Erik Karlsson 50 0 2 3
2 Jarred Tinordi David Rundblad 50 0 2 3
Penalty Kill 4 Players Forward
Center Wing Time % Phy DF OF
1 Jean-Gabriel Pageau Kyle Clifford 50 1 3 1
2 Ryan O'Reilly Patric Hornqvist 50 1 3 1
Penalty Kill 4 Players Defense
Defense Defense Time % Phy DF OF
1 Jacob Slavin David Rundblad 50 1 3 1
2 Jack Johnson Vladislav Gavrikov 50 1 3 1
Penalty Kill - 3 Players Forward
Forward Time % Phy DF OF
1 Kyle Clifford 55 1 4 0
2 Jean-Gabriel Pageau 45 1 4 0
Penalty Kill - 3 Players Defense
Defense Defense Time % Phy DF OF
1 Jacob Slavin David Rundblad 50 1 4 0
2 Jack Johnson Vladislav Gavrikov 50 1 4 0
4 vs 4 Forward
Center Wing Time % Phy DF OF
1 Jean-Gabriel Pageau Kyle Clifford 50 1 2 2
2 Ryan O'Reilly Andrei Kuzmenko 50 1 2 2
4 vs 4 Defense
Defense Defense Time % Phy DF OF
1 Jacob Slavin Vladislav Gavrikov 55 1 2 2
2 Jack Johnson David Rundblad 45 1 2 2
Last Minutes Offensive
Center Left Wing Right Wing Defense Defense
Jean-Gabriel Pageau Anthony Duclair Patric Hornqvist Erik Karlsson Jacob Slavin
Last Minutes Defensive
Center Left Wing Right Wing Defense Defense
Jean-Gabriel Pageau Kyle Clifford Rickard Rakell Jacob Slavin Jack Johnson
Goaltenders
Starting : Robin Lehner
Backup : Semyon Varlamov
Extra Forwards
Normal : Drake Caggiula, Joseph Blandisi, Ryan Hartman - PP : Anthony Duclair, Ryan O'Reilly - PK : Rickard Rakell
Extra Defensemen
Normal : Vladislav Gavrikov, Jarred Tinordi, David Rundblad - PP : Vladislav Gavrikov - PK : Jarred Tinordi, Erik Karlsson
Penalty Shots
Andrei Kuzmenko, Anthony Duclair, Bryan Little, Patric Hornqvist, Kyle Clifford
Custom OT Lines Forwards
Kyle Clifford, Jean-Gabriel Pageau, Bryan Little, Patric Hornqvist, Rickard Rakell, Ryan O'Reilly, Andrei Kuzmenko, Nick Cousins, Ryan Hartman, Anthony Duclair
Custom OT Lines Defensemen
Jacob Slavin, Erik Karlsson, Jack Johnson, David Rundblad, Jarred Tinordi
Scratches
Luke Witkowski (Healthy), Stefan Elliott (Right Hand Injury)
% Time on Ice - Canucks
Lines # - Real PCT - Wanted PCT - Time Play
Normal Forward
1 - 33% - 40% - 16:15
2 - 27% - 30% - 13:04
3 - 23% - 20% - 11:13
4 - 17% - 10% - 8:18
Normal Defense
1 - 38% - 40% - 18:45
2 - 39% - 30% - 19:00
3 - 19% - 20% - 9:20
4 - 4% - 10% - 1:45
PP Forward
1 - 0% - 60%
2 - 0% - 40%
PP Defense
1 - 0% - 60%
2 - 0% - 40%
PK Forward
1 - 70% - 60% - 6:58
2 - 30% - 40% - 3:02
PK Defense
1 - 54% - 60% - 5:21
2 - 47% - 40% - 4:39
PK3 Forward
1 - 0% - 60%
2 - 0% - 40%
PK3 Defense
1 - 0% - 60%
2 - 0% - 40%
44 Forward
1 - 0% - 60%
2 - 0% - 40%
44 Defense
1 - 0% - 60%
2 - 0% - 40%
Last Minute Offensive - 0:00
Last Minute Defensive - 1:10
Total
Forward - 60:00
Defense - 60:00
|
% Time on Ice - Avalanche
Lines # - Real PCT - Wanted PCT - Time Play
Normal Forward
1 - 29% - 31% - 14:01
2 - 26% - 31% - 12:56
3 - 29% - 27% - 14:17
4 - 16% - 11% - 7:35
Normal Defense
1 - 39% - 38% - 18:54
2 - 30% - 30% - 14:50
3 - 28% - 28% - 13:46
4 - 3% - 4% - 1:19
PP Forward
1 - 51% - 50% - 5:07
2 - 49% - 50% - 4:53
PP Defense
1 - 52% - 50% - 5:11
2 - 48% - 50% - 4:49
PK Forward
1 - 0% - 50%
2 - 0% - 50%
PK Defense
1 - 0% - 50%
2 - 0% - 50%
PK3 Forward
1 - 0% - 55%
2 - 0% - 45%
PK3 Defense
1 - 0% - 50%
2 - 0% - 50%
44 Forward
1 - 0% - 50%
2 - 0% - 50%
44 Defense
1 - 0% - 55%
2 - 0% - 45%
Last Minute Offensive - 1:11
Last Minute Defensive - 0:00
Total
Forward - 60:00
Defense - 60:00
|
Play-by-Play
1st period
0:01 of 1st period - Jean-Gabriel Pageau wins face-off versus Chris Tierney in neutral zone.
0:22 of 1st period - Minor Penalty to J.T. Miller for High sticking.
0:23 of 1st period - Chris Tierney wins face-off versus Jean-Gabriel Pageau in Canucks zone.
0:23 of 1st period - Chris Tierney is hit by Erik Karlsson.
2:05 of 1st period - Slapshot by Gilbert Brule.
2:05 of 1st period - Shot Misses the Net.
2:07 of 1st period - Slapshot by Denis Gurianov.
2:07 of 1st period - Goal by Denis Gurianov - Canucks : 1 - Avalanche : 0.
2:08 of 1st period - Bryan Little wins face-off versus Yanni Gourde in neutral zone.
2:22 of 1st period - Penalty to J.T. Miller is over, J.T. Miller is back on ice.
2:56 of 1st period - Wrist shot by Ryan Hartman.
2:56 of 1st period - Stopped by Petr Mrazek with a rebound.
3:14 of 1st period - Gilbert Brule is hit by Jacob Slavin and loses puck.
4:57 of 1st period - Snap shot by Andrei Kuzmenko.
4:57 of 1st period - Stopped by Petr Mrazek without a rebound.
4:58 of 1st period - Jean-Gabriel Pageau wins face-off versus Chris Tierney in Canucks zone.
5:33 of 1st period - Snap shot by Rickard Rakell.
5:33 of 1st period - Stopped by Petr Mrazek with a rebound.
5:59 of 1st period - Wrist shot by Rickard Rakell.
5:59 of 1st period - Shot Blocked by Travis Hamonic.
6:01 of 1st period - Snap shot by David Rundblad.
6:01 of 1st period - Goal by David Rundblad - Canucks : 1 - Avalanche : 1.
6:02 of 1st period - Yanni Gourde wins face-off versus Bryan Little in neutral zone.
6:07 of 1st period - Snap shot by Yanni Gourde.
6:07 of 1st period - Stopped by Robin Lehner without a rebound.
6:08 of 1st period - Brock Boeser wins face-off versus Bryan Little in Avalanche zone.
6:21 of 1st period - Alex Goligoski is hit by Jack Johnson and loses puck.
6:40 of 1st period - Backhand shot by Patric Hornqvist.
6:40 of 1st period - Deflect By Anthony Duclair.
6:40 of 1st period - Shot Blocked by Tyler Cuma.
6:40 of 1st period - Puck is out of play.
6:41 of 1st period - Robert Nilsson wins face-off versus Ryan O'Reilly in Canucks zone.
8:04 of 1st period - Icing by Tyler Cuma.
8:05 of 1st period - Gilbert Brule wins face-off versus Bryan Little in Canucks zone.
8:42 of 1st period - Snap shot by Anthony Duclair.
8:42 of 1st period - Stopped by Petr Mrazek with a rebound.
9:58 of 1st period - Off-side.
9:59 of 1st period - Drake Caggiula wins face-off versus Yanni Gourde in neutral zone.
10:08 of 1st period - Wrist shot by Yanni Gourde.
10:08 of 1st period - Shot Misses the Net.
10:10 of 1st period - Slapshot by Tony DeAngelo.
10:10 of 1st period - Stopped by Robin Lehner with a rebound.
10:12 of 1st period - Snap shot by Matt Martin.
10:12 of 1st period - Stopped by Robin Lehner with a rebound.
10:30 of 1st period - Snap shot by Nick Cousins.
10:30 of 1st period - Shot Misses the Net.
10:32 of 1st period - Wrist shot by Bryan Little.
10:32 of 1st period - Shot Misses the Net.
10:34 of 1st period - Slapshot by Vladislav Gavrikov.
10:34 of 1st period - Stopped by Petr Mrazek without a rebound.
10:35 of 1st period - Yanni Gourde wins face-off versus Bryan Little in Canucks zone.
10:46 of 1st period - Snap shot by Brock Boeser.
10:46 of 1st period - Shot Blocked by Bryan Little.
11:07 of 1st period - Wrist shot by J.T. Miller.
11:07 of 1st period - Stopped by Robin Lehner without a rebound.
11:08 of 1st period - Jean-Gabriel Pageau wins face-off versus Yanni Gourde in Avalanche zone.
11:18 of 1st period - Off-side.
11:19 of 1st period - Chris Tierney wins face-off versus Ryan O'Reilly in neutral zone.
11:24 of 1st period - Slapshot by J.T. Miller.
11:24 of 1st period - Shot Misses the Net.
11:26 of 1st period - Slapshot by Travis Hamonic.
11:26 of 1st period - Stopped by Robin Lehner with a rebound.
11:28 of 1st period - Slapshot by Jordan Eberle.
11:28 of 1st period - Shot Blocked by Jacob Slavin.
11:30 of 1st period - Wrist shot by Jordan Eberle.
11:30 of 1st period - Deflect By Jacob Slavin.
11:30 of 1st period - Shot Misses the Net.
11:30 of 1st period - Puck is out of play.
11:31 of 1st period - Bryan Little wins face-off versus Yanni Gourde in Avalanche zone.
11:31 of 1st period - Bryan Little is hit by Matt Martin.
11:38 of 1st period - Jacob Slavin is hit by Travis Hamonic and loses puck.
12:01 of 1st period - Snap shot by J.T. Miller.
12:01 of 1st period - Shot Misses the Net.
12:03 of 1st period - Wrist shot by Chris Tierney.
12:03 of 1st period - Stopped by Robin Lehner without a rebound.
12:04 of 1st period - Jean-Gabriel Pageau wins face-off versus Chris Tierney in Avalanche zone.
12:31 of 1st period - Kyle Clifford is hit by Denis Gurianov and loses puck.
12:56 of 1st period - Snap shot by Yanni Gourde.
12:56 of 1st period - Stopped by Robin Lehner with a rebound.
12:58 of 1st period - Snap shot by Matt Martin.
12:58 of 1st period - Goal by Matt Martin - Canucks : 2 - Avalanche : 1.
12:59 of 1st period - Jean-Gabriel Pageau wins face-off versus Chris Tierney in neutral zone.
13:08 of 1st period - Slapshot by Andrei Kuzmenko.
13:08 of 1st period - Shot Misses the Net.
13:50 of 1st period - Slapshot by Kyle Clifford.
13:50 of 1st period - Stopped by Petr Mrazek with a rebound.
13:59 of 1st period - Minor Penalty to Robert Nilsson for Tripping.
14:00 of 1st period - Jean-Gabriel Pageau wins face-off versus Chris Tierney in Canucks zone.
14:02 of 1st period - Snap shot by Jean-Gabriel Pageau.
14:02 of 1st period - Shot Misses the Net.
14:04 of 1st period - Wrist shot by Kyle Clifford.
14:04 of 1st period - Goal by Kyle Clifford - Canucks : 2 - Avalanche : 2.
14:05 of 1st period - Chris Tierney wins face-off versus Bryan Little in neutral zone.
14:07 of 1st period - Off-side.
14:08 of 1st period - Chris Tierney wins face-off versus Bryan Little in neutral zone.
14:15 of 1st period - Wrist shot by Jordan Eberle.
14:15 of 1st period - Stopped by Robin Lehner without a rebound.
14:16 of 1st period - Jean-Gabriel Pageau wins face-off versus Chris Tierney in Avalanche zone.
14:16 of 1st period - Jean-Gabriel Pageau is hit by Oliver Ekman-Larsson.
14:26 of 1st period - Snap shot by Chris Tierney.
14:26 of 1st period - Shot Blocked by Andrei Kuzmenko.
14:30 of 1st period - Backhand shot by Jordan Eberle.
14:30 of 1st period - Stopped by Robin Lehner without a rebound.
14:31 of 1st period - Ryan O'Reilly wins face-off versus Yanni Gourde in Avalanche zone.
15:02 of 1st period - Snap shot by Kyle Clifford.
15:02 of 1st period - Shot Hit the Post.
15:04 of 1st period - Wrist shot by Bryan Little.
15:04 of 1st period - Stopped by Petr Mrazek with a rebound.
15:08 of 1st period - Wrist shot by Bryan Little.
15:08 of 1st period - Stopped by Petr Mrazek with a rebound.
15:10 of 1st period - Slapshot by Vladislav Gavrikov.
15:10 of 1st period - Shot Misses the Net.
16:02 of 1st period - David Rundblad is hit by Mark Jankowski and loses puck.
16:27 of 1st period - Slapshot by Kyle Clifford.
16:27 of 1st period - Stopped by Petr Mrazek without a rebound.
16:28 of 1st period - Bryan Little wins face-off versus Chris Tierney in Canucks zone.
16:34 of 1st period - Off-side.
16:35 of 1st period - Chris Tierney wins face-off versus Bryan Little in neutral zone.
17:14 of 1st period - Snap shot by Jordan Eberle.
17:14 of 1st period - Stopped by Robin Lehner with a rebound.
17:55 of 1st period - Slapshot by Denis Gurianov.
17:55 of 1st period - Stopped by Robin Lehner with a rebound.
17:57 of 1st period - Snap shot by Denis Gurianov.
17:57 of 1st period - Stopped by Robin Lehner with a rebound.
17:59 of 1st period - Slapshot by Jason Spezza.
17:59 of 1st period - Stopped by Robin Lehner without a rebound.
18:00 of 1st period - Bryan Little wins face-off versus Robert Nilsson in Avalanche zone.
19:14 of 1st period - Backhand shot by Chris Tierney.
19:14 of 1st period - Stopped by Robin Lehner with a rebound.
19:30 of 1st period - Tyler Cuma is hit by Bryan Little and loses puck.
19:51 of 1st period - Rickard Rakell is hit by Alex Goligoski and loses puck.
Goals for this period are 2 for Canucks vs 2 for Avalanche.
Shots for this period are 16 for Canucks vs 11 for Avalanche.
2nd period
0:01 of 2nd period - Chris Tierney wins face-off versus Ryan O'Reilly in neutral zone.
0:08 of 2nd period - Snap shot by J.T. Miller.
0:08 of 2nd period - Shot Misses the Net.
0:10 of 2nd period - Wrist shot by Chris Tierney.
0:10 of 2nd period - Shot Misses the Net.
0:12 of 2nd period - Wrist shot by Travis Hamonic.
0:12 of 2nd period - Shot Blocked by Ryan O'Reilly.
0:26 of 2nd period - Bryan Little is hit by Matt Martin and loses puck.
1:53 of 2nd period - Snap shot by Nick Cousins.
1:53 of 2nd period - Stopped by Petr Mrazek without a rebound.
1:54 of 2nd period - Bryan Little wins face-off versus Brock Boeser in Canucks zone.
1:57 of 2nd period - Snap shot by Nick Cousins.
1:57 of 2nd period - Shot Misses the Net.
2:20 of 2nd period - Alex Goligoski is hit by Andrei Kuzmenko and loses puck.
2:27 of 2nd period - Wrist shot by Andrei Kuzmenko.
2:27 of 2nd period - Shot Misses the Net.
2:29 of 2nd period - Slapshot by Vladislav Gavrikov.
2:29 of 2nd period - Deflect By Jean-Gabriel Pageau.
2:29 of 2nd period - Stopped by Petr Mrazek without a rebound.
2:30 of 2nd period - Ryan O'Reilly wins face-off versus Robert Nilsson in Canucks zone.
3:13 of 2nd period - Minor Penalty to J.T. Miller for High sticking.
3:14 of 2nd period - Jean-Gabriel Pageau wins face-off versus Chris Tierney in Canucks zone.
5:13 of 2nd period - Penalty to J.T. Miller is over, J.T. Miller is back on ice.
5:23 of 2nd period - Michael Kesselring is hit by Ryan O'Reilly and loses puck.
5:28 of 2nd period - Wrist shot by Patric Hornqvist.
5:28 of 2nd period - Stopped by Petr Mrazek without a rebound.
5:29 of 2nd period - Joseph Blandisi wins face-off versus Yanni Gourde in Canucks zone.
5:30 of 2nd period - Snap shot by Ryan Hartman.
5:30 of 2nd period - Deflect By Joseph Blandisi.
5:30 of 2nd period - Shot Blocked by Alex Goligoski.
5:30 of 2nd period - Puck is out of play.
5:31 of 2nd period - Yanni Gourde wins face-off versus Ryan Hartman in Canucks zone.
5:36 of 2nd period - Snap shot by Matt Martin.
5:36 of 2nd period - Shot Misses the Net.
5:38 of 2nd period - Wrist shot by Tyler Cuma.
5:38 of 2nd period - Shot Misses the Net.
6:25 of 2nd period - Snap shot by Jason Spezza.
6:25 of 2nd period - Stopped by Robin Lehner with a rebound.
6:27 of 2nd period - Snap shot by Robert Nilsson.
6:27 of 2nd period - Goal by Robert Nilsson - Canucks : 3 - Avalanche : 2.
6:28 of 2nd period - Chris Tierney wins face-off versus Jean-Gabriel Pageau in neutral zone.
6:35 of 2nd period - Snap shot by J.T. Miller.
6:35 of 2nd period - Stopped by Robin Lehner with a rebound.
6:37 of 2nd period - Slapshot by Oliver Ekman-Larsson.
6:37 of 2nd period - Stopped by Robin Lehner with a rebound.
6:39 of 2nd period - Wrist shot by Jordan Eberle.
6:39 of 2nd period - Shot Misses the Net.
7:23 of 2nd period - Wrist shot by Ryan O'Reilly.
7:23 of 2nd period - Stopped by Petr Mrazek without a rebound.
7:24 of 2nd period - Chris Tierney wins face-off versus Jean-Gabriel Pageau in Canucks zone.
7:24 of 2nd period - Chris Tierney is hit by Jean-Gabriel Pageau.
7:50 of 2nd period - Brock Boeser is hit by David Rundblad and loses puck.
8:09 of 2nd period - Snap shot by Kyle Clifford.
8:09 of 2nd period - Shot Misses the Net.
8:11 of 2nd period - Backhand shot by Jarred Tinordi.
8:11 of 2nd period - Stopped by Petr Mrazek without a rebound.
8:12 of 2nd period - Robert Nilsson wins face-off versus Ryan O'Reilly in Canucks zone.
8:12 of 2nd period - Robert Nilsson is hit by Anthony Duclair.
8:22 of 2nd period - Snap shot by Anthony Duclair.
8:22 of 2nd period - Shot Blocked by Alex Goligoski.
8:22 of 2nd period - Alex Goligoski from Canucks is injured at 8:22 of 2nd period (Sprained Right Knee).
8:23 of 2nd period - Chris Tierney wins face-off versus Jean-Gabriel Pageau in Canucks zone.
9:09 of 2nd period - Minor Penalty to Matt Martin for Roughing.
9:10 of 2nd period - Bryan Little wins face-off versus Chris Tierney in Canucks zone.
9:43 of 2nd period - Backhand shot by Yanni Gourde.
9:43 of 2nd period - Stopped by Robin Lehner without a rebound.
9:44 of 2nd period - Yanni Gourde wins face-off versus Jean-Gabriel Pageau in Avalanche zone.
9:52 of 2nd period - Off-side.
9:53 of 2nd period - Jean-Gabriel Pageau wins face-off versus J.T. Miller in neutral zone.
9:55 of 2nd period - Off-side.
9:56 of 2nd period - Jean-Gabriel Pageau wins face-off versus Chris Tierney in neutral zone.
9:59 of 2nd period - Snap shot by Kyle Clifford.
9:59 of 2nd period - Shot Blocked by Oliver Ekman-Larsson.
10:33 of 2nd period - Snap shot by Andrei Kuzmenko.
10:33 of 2nd period - Stopped by Petr Mrazek with a rebound.
11:09 of 2nd period - Penalty to Matt Martin is over, Matt Martin is back on ice.
11:45 of 2nd period - Slapshot by Joseph Blandisi.
11:45 of 2nd period - Shot Blocked by Gilbert Brule.
11:47 of 2nd period - Snap shot by Ryan Hartman.
11:47 of 2nd period - Deflect By Joseph Blandisi.
11:47 of 2nd period - Shot Misses the Net.
11:47 of 2nd period - Puck is out of play.
11:48 of 2nd period - Yanni Gourde wins face-off versus Jean-Gabriel Pageau in Canucks zone.
12:35 of 2nd period - Anthony Duclair is hit by Robert Nilsson.
12:39 of 2nd period - Ryan O'Reilly is hit by Jason Spezza and loses puck.
13:37 of 2nd period - Minor Penalty to Robert Nilsson for Hooking.
13:38 of 2nd period - Chris Tierney wins face-off versus Jean-Gabriel Pageau in Canucks zone.
14:09 of 2nd period - Snap shot by Erik Karlsson.
14:09 of 2nd period - Stopped by Petr Mrazek with a rebound.
14:15 of 2nd period - Wrist shot by Nick Cousins.
14:15 of 2nd period - Shot Misses the Net.
14:50 of 2nd period - Jean-Gabriel Pageau is hit by Yanni Gourde and loses puck.
15:37 of 2nd period - Penalty to Robert Nilsson is over, Robert Nilsson is back on ice.
15:45 of 2nd period - Anthony Duclair is hit by Gilbert Brule and loses puck.
16:08 of 2nd period - Slapshot by Ryan Hartman.
16:08 of 2nd period - Shot Blocked by Robert Nilsson.
16:10 of 2nd period - Slapshot by Jacob Slavin.
16:10 of 2nd period - Deflect By Tony DeAngelo.
16:10 of 2nd period - Stopped by Petr Mrazek without a rebound.
16:11 of 2nd period - Drake Caggiula wins face-off versus Yanni Gourde in Canucks zone.
16:16 of 2nd period - Slapshot by Ryan Hartman.
16:16 of 2nd period - Stopped by Petr Mrazek with a rebound.
16:26 of 2nd period - David Rundblad is hit by Yanni Gourde and loses puck.
17:02 of 2nd period - Off-side.
17:03 of 2nd period - Jean-Gabriel Pageau wins face-off versus Chris Tierney in neutral zone.
17:52 of 2nd period - Snap shot by Gilbert Brule.
17:52 of 2nd period - Shot Blocked by Vladislav Gavrikov.
18:02 of 2nd period - Snap shot by Bryan Little.
18:02 of 2nd period - Shot Misses the Net.
18:12 of 2nd period - Snap shot by Kyle Clifford.
18:12 of 2nd period - Deflect By Bryan Little.
18:12 of 2nd period - Stopped by Petr Mrazek with a rebound.
18:14 of 2nd period - Snap shot by Bryan Little.
18:14 of 2nd period - Stopped by Petr Mrazek with a rebound.
18:16 of 2nd period - Snap shot by Bryan Little.
18:16 of 2nd period - Shot Misses the Net.
18:27 of 2nd period - Minor Penalty to Michael Kesselring for Tripping.
18:28 of 2nd period - Chris Tierney wins face-off versus Kyle Clifford in Canucks zone.
Goals for this period are 1 for Canucks vs 0 for Avalanche.
Shots for this period are 5 for Canucks vs 11 for Avalanche.
3rd period
0:01 of 3rd period - Bryan Little wins face-off versus Chris Tierney in neutral zone.
0:06 of 3rd period - Snap shot by Andrei Kuzmenko.
0:06 of 3rd period - Shot Blocked by Oliver Ekman-Larsson.
0:27 of 3rd period - Penalty to Michael Kesselring is over, Michael Kesselring is back on ice.
1:11 of 3rd period - Slapshot by Oliver Ekman-Larsson.
1:11 of 3rd period - Deflect By Daniel Zaar.
1:11 of 3rd period - Shot Blocked by David Rundblad.
1:11 of 3rd period - Puck is out of play.
1:12 of 3rd period - Drake Caggiula wins face-off versus Gilbert Brule in Avalanche zone.
1:37 of 3rd period - Ryan Hartman is hit by Daniel Zaar.
1:52 of 3rd period - Off-side.
1:53 of 3rd period - Chris Tierney wins face-off versus Jean-Gabriel Pageau in neutral zone.
2:24 of 3rd period - Wrist shot by Nick Cousins.
2:24 of 3rd period - Shot Misses the Net.
3:05 of 3rd period - Snap shot by Ryan Hartman.
3:05 of 3rd period - Stopped by Petr Mrazek with a rebound.
4:12 of 3rd period - Wrist shot by Jordan Eberle.
4:12 of 3rd period - Shot Misses the Net.
4:32 of 3rd period - Snap shot by Yanni Gourde.
4:32 of 3rd period - Stopped by Robin Lehner with a rebound.
4:34 of 3rd period - Slapshot by Yanni Gourde.
4:34 of 3rd period - Stopped by Robin Lehner with a rebound.
4:44 of 3rd period - Ryan Hartman is hit by Robert Nilsson and loses puck.
5:30 of 3rd period - Wrist shot by Brock Boeser.
5:30 of 3rd period - Shot Misses the Net.
5:32 of 3rd period - Wrist shot by Brock Boeser.
5:32 of 3rd period - Stopped by Robin Lehner without a rebound.
5:33 of 3rd period - Robert Nilsson wins face-off versus Jean-Gabriel Pageau in Avalanche zone.
6:04 of 3rd period - Snap shot by Ryan O'Reilly.
6:04 of 3rd period - Stopped by Petr Mrazek with a rebound.
6:06 of 3rd period - Slapshot by Jarred Tinordi.
6:06 of 3rd period - Deflect By Patric Hornqvist.
6:06 of 3rd period - Shot Blocked by Brock Boeser.
6:06 of 3rd period - Puck is out of play.
6:07 of 3rd period - Ryan O'Reilly wins face-off versus Yanni Gourde in Canucks zone.
6:22 of 3rd period - Slapshot by Anthony Duclair.
6:22 of 3rd period - Stopped by Petr Mrazek without a rebound.
6:23 of 3rd period - Jean-Gabriel Pageau wins face-off versus Chris Tierney in Canucks zone.
6:28 of 3rd period - Snap shot by Rickard Rakell.
6:28 of 3rd period - Shot Misses the Net.
6:50 of 3rd period - Oliver Ekman-Larsson is hit by Nick Cousins and loses puck.
6:59 of 3rd period - Wrist shot by Bryan Little.
6:59 of 3rd period - Shot Misses the Net.
7:28 of 3rd period - Off-side.
7:29 of 3rd period - Chris Tierney wins face-off versus Jean-Gabriel Pageau in neutral zone.
7:56 of 3rd period - Tony DeAngelo is hit by Kyle Clifford and loses puck.
8:01 of 3rd period - Snap shot by Bryan Little.
8:01 of 3rd period - Shot Misses the Net.
8:03 of 3rd period - Wrist shot by Nick Cousins.
8:03 of 3rd period - Shot Misses the Net.
9:22 of 3rd period - Rickard Rakell is hit by Tyler Cuma and loses puck.
9:41 of 3rd period - David Rundblad is hit by Jason Spezza and loses puck.
10:37 of 3rd period - Slapshot by Bryan Little.
10:37 of 3rd period - Stopped by Petr Mrazek with a rebound.
10:39 of 3rd period - Slapshot by Bryan Little.
10:39 of 3rd period - Stopped by Petr Mrazek without a rebound.
10:40 of 3rd period - Chris Tierney wins face-off versus Bryan Little in Canucks zone.
12:04 of 3rd period - Snap shot by Mark Jankowski.
12:04 of 3rd period - Shot Misses the Net.
13:42 of 3rd period - Joseph Blandisi is hit by Travis Hamonic.
14:06 of 3rd period - Wrist shot by Kyle Clifford.
14:06 of 3rd period - Shot Misses the Net.
14:28 of 3rd period - Tony DeAngelo is hit by Patric Hornqvist and loses puck.
14:33 of 3rd period - Snap shot by Patric Hornqvist.
14:33 of 3rd period - Stopped by Petr Mrazek without a rebound.
14:34 of 3rd period - Chris Tierney wins face-off versus Bryan Little in Canucks zone.
14:48 of 3rd period - Wrist shot by Bryan Little.
14:48 of 3rd period - Stopped by Petr Mrazek without a rebound.
14:49 of 3rd period - Andrei Kuzmenko wins face-off versus Chris Tierney in Canucks zone.
14:52 of 3rd period - Slapshot by Andrei Kuzmenko.
14:52 of 3rd period - Shot Misses the Net.
14:54 of 3rd period - Wrist shot by Jean-Gabriel Pageau.
14:54 of 3rd period - Stopped by Petr Mrazek with a rebound.
14:56 of 3rd period - Snap shot by Rickard Rakell.
14:56 of 3rd period - Shot Misses the Net.
15:22 of 3rd period - Ryan O'Reilly is hit by Brock Boeser and loses puck.
15:52 of 3rd period - Off-side.
15:53 of 3rd period - Chris Tierney wins face-off versus Ryan O'Reilly in neutral zone.
16:02 of 3rd period - Snap shot by J.T. Miller.
16:02 of 3rd period - Shot Misses the Net.
16:04 of 3rd period - Slapshot by Jordan Eberle.
16:04 of 3rd period - Stopped by Robin Lehner with a rebound.
16:08 of 3rd period - Snap shot by Jordan Eberle.
16:08 of 3rd period - Shot Misses the Net.
16:10 of 3rd period - Snap shot by Jordan Eberle.
16:10 of 3rd period - Stopped by Robin Lehner without a rebound.
16:11 of 3rd period - Jean-Gabriel Pageau wins face-off versus Robert Nilsson in Avalanche zone.
16:44 of 3rd period - Tony DeAngelo is hit by Erik Karlsson and loses puck.
17:03 of 3rd period - Wrist shot by Bryan Little.
17:03 of 3rd period - Stopped by Petr Mrazek with a rebound.
17:19 of 3rd period - Daniel Zaar is hit by David Rundblad and loses puck.
18:06 of 3rd period - Wrist shot by J.T. Miller.
18:06 of 3rd period - Shot Misses the Net.
18:08 of 3rd period - Snap shot by Chris Tierney.
18:08 of 3rd period - Stopped by Robin Lehner without a rebound.
18:09 of 3rd period - Chris Tierney wins face-off versus Ryan O'Reilly in Avalanche zone.
18:25 of 3rd period - Slapshot by Jacob Slavin.
18:25 of 3rd period - Stopped by Petr Mrazek with a rebound.
18:59 of 3rd period - Snap shot by J.T. Miller.
18:59 of 3rd period - Stopped by Robin Lehner with a rebound.
19:46 of 3rd period - Anthony Duclair is hit by J.T. Miller and loses puck.
Goals for this period are 0 for Canucks vs 0 for Avalanche.
Shots for this period are 7 for Canucks vs 10 for Avalanche.
Output by the SimonT Hockey Simulator (STHS) for Francois Prevost